 Dungeon Crawl Stone Soup version 0.30.1-3-gfc49f6343a (webtiles) character file.

Game seed: 16393473562479478838

463 Wiggles the Cleaver (level 6, -5/51 HPs)
             Began as a Minotaur Berserker on Aug 4, 2023.
             Was a Believer of Trog.
             Killed by divine providence
             ... invoked by an orc priest
              (14 damage)
             ... on level 4 of the Dungeon.
             The game lasted 00:03:22 (2185 turns).

Wiggles the Cleaver (Minotaur Berserker)            Turns: 2185, Time: 00:03:23

Health: -5/51      AC:  5    Str: 23    XL:     6   Next: 79%
Magic:  5/5        EV: 11    Int:  4    God:    Trog [**....]
Gold:   131        SH:  0    Dex: 10    Spells: 5/5 levels left

rFire   . . .        a - +0 hand axe
rCold   . . .        (no shield)
rNeg    . . .        k - +0 ring mail
rPois   .            (helmet restricted)
rElec   .            (no cloak)
rCorr   .            (no gloves)
SInv    .            (no boots)
Will    .....        (no amulet)
Stlth   +            (no ring)
HPRegen 0.28/turn    (no ring)
MPRegen 0.09/turn

%: no passive effects
@: no status effects
A: horns 2, retaliatory headbutt
a: Renounce Religion, Berserk, Trog's Hand


You were on level 4 of the Dungeon.
You worshipped Trog.
Trog was pleased with you.
You visited 1 branch of the dungeon, and saw 4 of its levels.

You collected 131 gold pieces.

Inventory:

Hand Weapons
 a - a +0 hand axe (weapon)
Armour
 k - a +0 ring mail (worn)
Jewellery
 n - a ring of ice
Scrolls
 c - 2 scrolls of noise {unknown}
 f - a scroll of brand weapon {unknown}
 h - 9 scrolls of identify {unknown}
 l - a scroll of fog {unknown}
 m - a scroll of enchant weapon {unknown}
 p - a scroll of teleportation {unknown}
 q - a scroll of poison {unknown}
Potions
 b - 2 potions of curing {unknown}
 d - a potion of attraction {unknown}
 e - 3 potions of might {unknown}
 g - 2 potions of flight {unknown}
 i - a potion of berserk rage {unknown}
 j - 2 potions of magic {unknown}
 o - 2 potions of brilliance {unknown}


   Skills:
 - Level 3.6 Fighting
 + Level 9.1 Axes
 - Level 2.4 Armour
 - Level 2.1 Dodging
 + Level 1.1 Stealth


You had 5 spell levels left.
You didn't know any spells.
Your spell library was empty.

Dungeon Overview and Level Annotations

Branches:
Dungeon (4/15)
 Temple: D:4-7

Altars:
Okawaru


Innate Abilities, Weirdness & Mutations

You have a pair of horns on your head.
You reflexively headbutt those who attack you in melee.


Message History

The orc wizard flickers and vanishes!
Deactivating autopickup; reactivate with Ctrl-A.
You hit the jackal.
You kill the jackal!
Trog accepts your kill.
An orc and an endoplasm come into view.
The orc shouts!
The endoplasm quivers.
The orc hits you with a +0 hand axe.
You see here a jackal corpse.
You closely miss the orc. You barely miss something.
You hit the orc but do no damage. Your headbutt misses the orc.
You closely miss something.
You recover from your berserk rage.
The orc hits you with a +0 hand axe.
You hear some strange, mumbled words.
A puff of flame appears from out of thin air!
The puff of flame hits you.
You slash the orc!
You kill the orc!
Trog accepts your kill.
You hit something. You slash the orc priest! The orc priest closely misses you.
Something hits you.
Found an iron altar of Okawaru.
The orc priest hits you but does no damage.
Something hits you but does no damage.
Things that are here:
a +0 hand axe; a +0 leather armour The orc hits you but does no damage.
The orc priest mumbles some strange prayers to Beogh against you.
Pain shoots through your body! The endoplasm hits you.
You hear some strange, mumbled words.
Something tries to affect you, but you resist.
The orc attacks as you move away! The orc hits you with a +0 trident!
* * * LOW HITPOINT WARNING * * *
The orc hits you from afar with a +0 trident.
* * * LOW HITPOINT WARNING * * *
The orc priest invokes the aid of Beogh against you.
Beogh smites you!
You die...

##....#......##
##.............#
##...#....#.?..#
#..............#
##...<.#.##....#
####.##.........
###.†..###....#
###....†.# ..#
#.....{@o## ##
###....J..#
#.....o.##
#........#
...........#
#..........#
........#...
.......#_#...
....... # .#..


You could see an orc priest, an orc and an endoplasm.

Vanquished Creatures
  The ghost of ResetSkeleton the Poker, an amateur MiBe of Trog (D:3)
  An ice beast (D:3)
  A black bear (D:3)
  4 gnolls
  2 adders (D:2)
  A worm (D:3)
  5 dart slugs
  3 orcs
  8 ball pythons
  3 endoplasms
  3 giant cockroaches
  2 goblins (D:1)
  9 hobgoblins
  6 jackals
  2 quokkas
  5 bats
  3 frilled lizards
  2 kobolds
  8 rats
69 creatures vanquished.

Notes
Turn   | Place    | Note
-------+----------+-------------------------------------------
     0 | D:1      | Wiggles the Minotaur Berserker began the quest for the Orb.
     0 | D:1      | Reached XP level 1. HP: 19/19 MP: 0/0
   106 | D:1      | Reached skill level 4 in Axes
   225 | D:1      | Reached XP level 2. HP: 26/26 MP: 1/1
   286 | D:1      | Found a faded altar of an unknown god.
   419 | D:1      | Reached skill level 5 in Axes
   599 | D:1      | Reached XP level 3. HP: 26/31 MP: 2/2
  1061 | D:2      | Reached ** piety under Trog
  1137 | D:2      | Reached skill level 6 in Axes
  1137 | D:2      | Reached XP level 4. HP: 39/39 MP: 3/3
  1464 | D:3      | Found a large runed translucent door.
  1465 | D:3      | Found a large runed translucent door.
  1487 | D:3      | Noticed ResetSkeleton's ghost (amateur MiBe)
  1887 | D:3      | Noticed an ice beast
  1895 | D:3      | Killed an ice beast
  1896 | D:3      | Reached skill level 7 in Axes
  1896 | D:3      | Reached XP level 5. HP: 45/45 MP: 4/4
  1931 | D:3      | Noticed a black bear
  1940 | D:3      | Killed a black bear
  1941 | D:3      | Reached skill level 8 in Axes
  1941 | D:3      | Reached XP level 6. HP: 51/51 MP: 5/5
  2131 | D:3      | Killed ResetSkeleton's ghost
  2132 | D:3      | Reached skill level 9 in Axes
  2132 | D:3      | Reached skill level 1 in Stealth
  2183 | D:4      | Found an iron altar of Okawaru.
  2185 | D:4      | Killed from afar by an orc priest

Illustrated notes

Levels and vault maps discovered:
D:1:      dpeg_arrival_chambers_temple_mockup, layout_basic,
          chequers_ecumenical_altar_island
D:2:      layout_rooms, minmay_distorted
D:3:      layout_basic, ebering_ghost_disaster_area, minivault_24
D:4:      layout_cave_pools, okawaru_metal_pillars_1_2,
          lemuel_temple_firewalk_b, uniq_ijyb

Skill      XL: |  1  2  3  4  5  6 |
---------------+-------------------+-----
Axes           | 4 5 6 7 8 9 |  9.1
Stealth        | 1 |  1.1
Fighting       | |  3.6
Armour         | |  2.4
Dodging        | |  2.1

Action                     |  1- 3 |  4- 6 || total
---------------------------+-------+-------++-------
  Melee: Hand axe          |    73 |    78 ||   151
         Headbutt          |     9 |     6 ||    15
 Invoke: Berserk           |       |     3 ||     3
 Armour: Leather armour    |     9 |       ||     9
         Ring mail         |    10 |    20 ||    30
  Dodge: Dodged            |    48 |    47 ||    95
